 Dungeon Crawl Stone Soup version 0.29.1-13-g9f3cf754e1 (webtiles) character file.

Game seed: 1024458440671188459

4073 H0rd4k the Fighter (level 10, -2/77 HPs)
             Began as an Octopode Artificer on Jan 26, 2023.
             Was an Initiate of Gozag.
             Slain by a yak (17 damage)
             ... on level 7 of the Dungeon.
             The game lasted 00:10:57 (6275 turns).

H0rd4k the Fighter (Octopode Artificer)             Turns: 6275, Time: 00:10:58

Health: -2/77      AC:  1    Str: 13    XL:     10   Next: 25%
Magic:  30/30      EV: 21    Int: 17    God:    Gozag
Gold:   1084       SH:  0    Dex: 12    Spells: 23/23 levels left

rFire   . . .      SeeInvis .     - Unarmed
rCold   . . .      Faith    .   (no shield)
rNeg    . . .      Spirit   .   (helmet restricted)
rPois   .          Reflect  .   a - amulet of regeneration
rElec   .          Harm     .   i - +4 ring of evasion
rCorr   +          Rampage  .   t - ring of magical power
Will    .....                   b - ring of resist corrosion
Stlth   +++.......              m - ring of flight
HPRegen 1.02/turn               B - +4 ring of evasion
MPRegen 0.22/turn               (no ring)
                                (no ring)
                                (no ring)

@: gold aura, flying
A: almost no armour, amphibious, 8 rings, camouflage 1, gelatinous body 1,
(nimble swimmer 1), tentacles
a: Renounce Religion, Potion Petition, Call Merchant, Bribe Branch


You were on level 7 of the Dungeon.
You worshipped Gozag.
Gozag was most pleased with you.
You visited 2 branches of the dungeon, and saw 9 of its levels.
You also visited: Ossuary.

You collected 1170 gold pieces.
You paid 86 gold pieces to Gozag.

Inventory:

Missiles
 x - 4 poisoned darts (quivered)
Jewellery
 a - an amulet of regeneration (around mantle)
 b - a ring of resist corrosion (on tentacle)
 i - a +4 ring of evasion (left tentacle)
 m - a ring of flight (on tentacle)
 t - a ring of magical power (right tentacle)
 B - a +4 ring of evasion (on tentacle)
Scrolls
 c - a scroll of silence {unknown}
 d - a scroll of vulnerability {unknown}
 e - 6 scrolls of identify
 f - a scroll of immolation {unknown}
 g - 6 scrolls of teleportation {unknown}
 h - 3 scrolls of magic mapping {unknown}
 j - 5 scrolls of enchant armour
 l - a scroll of torment {unknown}
 n - a scroll of noise {unknown}
 o - 2 scrolls of enchant weapon {unknown}
 s - a scroll of poison {unknown}
 y - a scroll of fog {unknown}
 E - a scroll of blinking {unknown}
 F - a scroll of summoning {unknown}
Potions
 k - 3 potions of curing
 p - 2 potions of haste {unknown}
 q - 3 potions of lignification {unknown}
 r - a potion of brilliance {unknown}
 u - a potion of might {unknown}
 v - a potion of mutation {unknown}
 w - a potion of cancellation {unknown}
 z - 4 potions of heal wounds {unknown}
 A - a potion of ambrosia {unknown}
 C - 4 potions of attraction {unknown}
 D - 2 potions of degeneration {unknown}


   Skills:
 * Level 10.9 Fighting
 + Level 2.8 Throwing
 - Level 2.3 Dodging
 - Level 1.3 Stealth
 - Level 3.9 Unarmed Combat
 * Level 7.4 Spellcasting
 - Level 3.2 Evocations


You had 23 spell levels left.
You didn't know any spells.
Your spell library contained the following spells:

 Spells                   Type           Power      Damage    Failure   Level
 Sandblast                Erth           12%        2d6       11%         1
 Passwall                 Tmut/Erth      5%         N/A       17%         2
 Ignite Poison            Fire/Tmut/Pois 6%         N/A       32%         3
 Mephitic Cloud           Conj/Pois/Air  6%         N/A       32%         3
 Stone Arrow              Conj/Erth      12%        3d7       32%         3
 Freezing Cloud           Conj/Ice/Air   3%         6-21      97%         5


Dungeon Overview and Level Annotations

Branches:
Dungeon (8/15)             Temple (1/1) D:5         Ossuary (visited)
   Lair: D:8-11

Altars:
Cheibriados
Dithmenos
Elyvilon
Fedhas
Gozag
Makhleb
Nemelex Xobeh
Okawaru
Ru
Trog
Wu Jian
Xom
Yredelemnul
Zin
The Shining One

Shops:
D:7 *

Annotations:
D:2 natasha
D:4 exclusion: downstairs
D:6 exclusion: sky beast
D:7 exclusion: 2 downstairs
D:8 Amaemon


Innate Abilities, Weirdness & Mutations

You cannot wear most types of armour.
You are amphibious.
You can wear up to eight rings at the same time.
Your skin changes colour to match your surroundings (Stealth+).
Your rubbery body absorbs attacks. (AC +1, EV +1)
((You are camouflaged when in or above water. (Stealth+)))
You have tentacles for arms and can constrict up to eight enemies at once.


Message History

The yak is almost dead.
The yak gores you!
You tentacle-slap the yak.
The yak is almost dead.
The yak completely misses you.
You barely miss the yak.
The yak is almost dead.
The yak misses you.
You closely miss the yak.
The yak is almost dead.
You tentacle-slap the yak but do no damage.
You squeeze the yak.
You kill the yak!
You tentacle-slap the yak but do no damage.
You tentacle-slap the yak.
The yak is lightly wounded.
The yak gores you!
You barely miss the yak.
The yak is lightly wounded.
The yak gores you!
* * * LOW HITPOINT WARNING * * *
You tentacle-slap the yak. x2
The yak is lightly wounded.
The yak completely misses you.
You completely miss the yak. You squeeze the yak!
The yak is moderately wounded.
The yak gores you but does no damage.
You feel better. The yak gores you. The yak attacks as you move away!
The yak gores you.
* * * LOW HITPOINT WARNING * * *
The yak attacks as you move away! The yak gores you!
* * * LOW HITPOINT WARNING * * *
You feel better. The yak gores you.
* * * LOW HITPOINT WARNING * * *
As you read the scroll labelled RIUQOGHAMEK, it crumbles to dust.
It is a scroll of identify.
j - 5 scrolls of enchant armour The yak gores you!
You die...
Your body crumbles into a pile of gold.

......#.###...........#####..###
........##>...####...### #..##
.#............# #...#.###.)##
##...........### ###....##...#
###....>......# ##....##..#
###.........#$# #....#...#
##....^.##..##.## ##.#......#
#......###.##..Y####..###..###
................@.##...###.#
.#.#........##....#....# ###
.###.......###..#<....##
###..........#..##...##
##......#......#######
>[#.....##....##
).......##....##
..####..#......#
#.#####.#.....##


You could see a yak.

Vanquished Creatures
  Pikel (D:7)
  An orange demon (D:8)
  Maggie (D:6)
  Grinder (D:5)
  4 yaks (D:7)
  Menkaure (D:7)
  A water moccasin (D:6)
  A black bear (D:7)
  An orc warrior (D:8)
  A centaur (D:7)
  2 bullfrogs
  A necrophage (D:6)
  3 scorpions
  4 wights (D:7)
  A howler monkey (D:7)
  4 hounds
  4 orc priests
  A gnoll bouda (D:8)
  6 iguanas
  Natasha (D:2)
  8 orc wizards
  8 mummies (Ossuary)
  4 adders
  5 gnolls (D:8)
  A shadow imp (D:4)
  3 worms
  4 dart slugs
  21 orcs
  6 endoplasms
  4 giant cockroaches
  A gnoll zombie (Ossuary)
  9 goblins
  4 hobgoblins
  7 jackals
  6 quokkas
  10 ball pythons
  6 bats
  3 frilled lizards
  A goblin zombie (D:8)
  4 hobgoblin zombies (Ossuary)
  6 kobolds
  A kobold zombie (Ossuary)
  2 orc zombies (Ossuary)
  A quokka zombie (D:8)
  6 rats
171 creatures vanquished.

Vanquished Creatures (collateral kills)
  A sky beast (D:6)
  A necrophage (D:5)
  An orc priest (D:6)
  An iguana (D:5)
  A gnoll (D:5)
  10 orcs
  An endoplasm (D:4)
  A kobold (D:4)
  A goblin (D:4)
18 creatures vanquished.

Vanquished Creatures (others)
  An adder (D:4)
1 creature vanquished.

Grand Total: 190 creatures vanquished

Notes
Turn   | Place    | Note
-------+----------+-------------------------------------------
     0 | D:1      | H0rd4k the Octopode Artificer began the quest for the Orb.
     0 | D:1      | Reached XP level 1. HP: 13/13 MP: 1/1
   190 | D:1      | Reached skill level 1 in Spellcasting
   190 | D:1      | Reached XP level 2. HP: 13/18 MP: 1/3
   598 | D:1      | Reached XP level 3. HP: 22/24 MP: 3/5
   731 | D:1      | Reached skill level 2 in Fighting
   945 | D:2      | Found a faded altar of an unknown god.
   990 | D:2      | Reached skill level 1 in Unarmed Combat
   990 | D:2      | Reached XP level 4. HP: 20/30 MP: 6/6
  1104 | D:2      | Noticed Natasha
  1113 | D:2      | Killed Natasha
  1465 | D:3      | Reached XP level 5. HP: 35/35 MP: 8/8
  1501 | D:3      | Found a large runed translucent door.
  1502 | D:3      | Found a large runed translucent door.
  2179 | D:3      | Found a sacrificial altar of Ru.
  2191 | D:3      | Found a burning altar of Makhleb.
  2232 | D:4      | Reached skill level 3 in Fighting
  2397 | D:4      | Reached XP level 6. HP: 42/42 MP: 8/10
  2432 | D:4      | Found a glowing golden altar of the Shining One.
  2845 | D:5      | Entered Level 5 of the Dungeon
  2845 | D:5      | Noticed Grinder
  2876 | D:4      | Reached skill level 4 in Fighting
  2876 | D:4      | Reached XP level 7. HP: 36/48 MP: 12/12
  2962 | D:5      | Found a staircase to the Ecumenical Temple.
  2973 | Temple   | Entered the Ecumenical Temple
  3030 | Temple   | Became a worshipper of Gozag Ym Sagoz the Greedy
  3105 | D:5      | Killed Grinder
  3106 | D:5      | Reached skill level 5 in Fighting
  3151 | D:4      | HP: 2/50 [something/puff of flame (9)]
  3316 | D:5      | Reached XP level 8. HP: 55/57 MP: 15/15
  3763 | D:6      | Reached skill level 6 in Fighting
  3780 | D:6      | Noticed Maggie
  3790 | D:6      | Killed Maggie
  3791 | D:6      | Reached skill level 5 in Spellcasting
  3864 | D:6      | Reached skill level 1 in Throwing
  3883 | D:6      | Reached skill level 7 in Fighting
  4023 | D:6      | Found a snail-covered altar of Cheibriados.
  4054 | D:6      | Found a shimmering altar of Xom.
  4115 | D:6      | Found a sparkling altar of Nemelex Xobeh.
  4775 | D:6      | Reached XP level 9. HP: 53/66 MP: 18/18
  4911 | D:7      | Noticed Menkaure
  4918 | D:7      | Killed Menkaure
  4919 | D:7      | Reached skill level 8 in Fighting
  4999 | D:8      | Found a sand-covered staircase.
  5021 | Ossuary  | Entered an ossuary
  5325 | D:8      | Noticed Amaemon
  5325 | D:8      | Noticed an orange demon
  5340 | D:8      | Killed an orange demon
  5394 | D:8      | Noticed a hornet
  5396 | D:8      | Reached skill level 9 in Fighting
  5514 | D:7      | Found Kiorchouts's Assorted Antiques.
  5602 | D:7      | Noticed Pikel
  5614 | D:7      | Killed Pikel
  5615 | D:7      | Reached skill level 10 in Fighting
  5737 | D:7      | Reached XP level 10. HP: 71/76 MP: 20/20
  6275 | D:7      | Slain by a yak

Illustrated notes

Levels and vault maps discovered:
D:1:      dpeg_arrival_tiny_c, layout_basic, minivault_26,
          chequers_serial_rivers_small_3
D:2:      layout_rooms, chequers_ecumenical_altar_island, uniq_natasha
D:3:      layout_loops_cross, jmf_multi_god_temple2, fountainhead,
          serial_bayou_lagoon_a
D:4:      layout_gridville, mainiacjoe_overflow_alcove_1
D:5:      layout_cave_pools, temple_statues, amcnicky_mini_corridor_feature,
          minmay_diced_spiral, uniq_grinder
D:6:      layout_loops_ring, mainiacjoe_overflow_paths,
          nicolae_overflow_crystal_walls, nemelex_diamond_rough_becter,
          uniq_maggie
D:7:      layout_cave_pools, serial_shops, nicolae_shop_trees, uniq_menkaure,
          uniq_pikel
D:8:      layout_basic, enter_ossuary_4, minmay_fractal_squares_diagonal_5,
          uniq_maurice, uniq_amaemon
Temple:   nicolae_temple_bog_church

Skill      XL: |  1  2  3  4  5  6  7  8  9 |
---------------+----------------------------+-----
Spellcasting   | 1 2 3 4 6 7 |  7.4
Fighting       | 2 3 4 5 7 10 | 10.9
Unarmed Combat | 1 2 3 |  3.9
Throwing       | 1 2 |  2.8
Dodging        | |  2.3
Stealth        | |  1.3
Evocations     | |  3.2

Action                   |  1- 3 |  4- 6 |  7- 9 | 10-12 || total
-------------------------+-------+-------+-------+-------++-------
Melee: Unarmed           |    69 |   135 |   228 |   103 ||   535
       Constrict         |    20 |    40 |    53 |    12 ||   125
       Tentacles         |    20 |    31 |    65 |    27 ||   143
       Punch             |     2 |     8 |     8 |     6 ||    24
Throw: Dart              |       |       |     8 |       ||     8
Evoke: Wand              |       |    17 |    30 |       ||    47
  Use: Potion            |       |       |     3 |     2 ||     5
       Scroll            |       |       |       |     1 ||     1
 Stab: Sleeping          |     7 |    15 |     3 |       ||    25
       Distracted        |       |       |     1 |     1 ||     2
Armor: Skin              |     3 |     5 |     4 |     4 ||    16
Dodge: Dodged            |    43 |    93 |   155 |    77 ||   368
